 Dungeon Crawl Stone Soup version 0.31.0-11-ge490571c62 (webtiles) character file.

Game seed: 13723970706494529531

13424 Arcadio the Eclecticist (level 11, -1/54 HPs)
             Began as a Deep Elf Air Elementalist on Jan 29, 2024.
             Was a Believer of Sif Muna.
             Slain by a komodo dragon (15 damage)
             ... on level 13 of the Dungeon.
             The game lasted 00:40:14 (18357 turns).

Arcadio the Eclecticist (DEAE)                     Turns: 18357, Time: 00:40:14

Health: -1/54      AC: 12    Str:  5    XL:     11   Next: 75%
Magic:  7/33       EV: 15    Int: 25    God:    Sif Muna [**....]
Gold:   486        SH:  0    Dex: 15    Spells: 23/42 levels left

rFire   . . .        W - +2 short sword (venom)
rCold   + . .        (no shield)
rNeg    . . .        O - +0 leather armour {rC+}
rPois   +            S - +2 hat
rElec   .            K - +0 cloak
rCorr   .            g - +0 pair of gloves
SInv    .            j - +0 pair of boots
Will    +....        B - amulet of faith
Stlth   ++           i - +4 ring of protection
HPRegen 0.29/turn    m - ring of poison resistance
MPRegen 0.23/turn

%: faith
@: about to teleport
A: no striking features
a: Renounce Religion, Channel Magic


You were on level 13 of the Dungeon.
You worshipped Sif Muna.
Sif Muna was pleased with you.
You visited 3 branches of the dungeon, and saw 15 of its levels.
You also visited: Sewer.

You collected 880 gold pieces.
You spent 394 gold pieces at shops.

Inventory:

Hand Weapons
 v - a +1 vampiric dagger
 x - a +5 flail of protection
 W - a +2 short sword of venom (weapon)
Armour
 g - a +0 pair of gloves (worn)
 j - a +0 pair of boots (worn)
 n - a +2 robe
 K - a +0 cloak (worn)
 O - a +0 leather armour of cold resistance (worn)
 S - a +2 hat (worn)
 V - a +1 plate armour of poison resistance
Jewellery
 i - a +4 ring of protection (left hand)
 m - a ring of poison resistance (right hand)
 p - an amulet of the acrobat
 t - a ring of fire
 B - an amulet of faith (around neck)
 C - a ring of willpower
 I - a ring of willpower
 P - a ring of protection from fire
Wands
 l - a wand of digging (3)
 s - a wand of light (13)
 w - a wand of flame (19)
 E - a wand of mindburst (28)
 H - a wand of polymorph (21)
 N - a wand of paralysis (7)
 U - a wand of iceblast (1)
Scrolls
 a - a scroll of enchant weapon {unknown}
 c - 2 scrolls of summoning
 d - 7 scrolls of teleportation
 k - a scroll of immolation
 q - 2 scrolls of noise {unknown}
 r - a scroll of brand weapon {unknown}
 y - 2 scrolls of vulnerability
 z - 2 scrolls of fog
 G - 2 scrolls of blinking
 M - a scroll of enchant armour {unknown}
 Q - a scroll of fear {unknown}
 R - 2 scrolls of revelation {unknown}
Potions
 b - 4 potions of magic
 e - 2 potions of mutation {unknown}
 f - a potion of resistance
 h - a potion of might
 o - a potion of brilliance
 A - a potion of attraction {unknown}
 F - 2 potions of enlightenment
 J - 2 potions of curing {unknown}
 L - 3 potions of heal wounds
 T - 2 potions of ambrosia


   Skills:
 + Level 9.2 Dodging
 - Level 2.4 Stealth
 + Level 16.1 Spellcasting
 - Level 1.1 Conjurations
 + Level 12.8 Air Magic


You had 23 spell levels left.
You knew the following spells:

 Your Spells              Type           Power      Damage    Failure   Level
a - Shock                 Conj/Air       100%       1d9       1%          1
b - Static Discharge      Conj/Air       100%       3-8/arc   1%          2
c - Swiftness             Air            71%        N/A       1%          3
d - Airstrike             Air            35%        2d(6-22)  1%          4
e - Plasma Beam           Fire/Air       25%        2x1d38    43%         6
f - Passwall              Erth           20%        N/A       13%         3

Your spell library contained the following spells:

 Spells                   Type           Power      Damage    Failure   Level
 Cigotuvi's Dreadful Rot  Necr/Alch/Air  82%        N/A       1%          2
 Foxfire                  Conj/Fire      88%        2x1d8     3%          1
 Sandblast                Erth           40%        2d10      4%          1
 Stone Arrow              Conj/Erth      44%        3d9       11%         3
 Inner Flame              Hex/Fire       20%        N/A       13%         3
 Tukima's Dance           Hex            20%        N/A       13%         3
 Freezing Cloud           Conj/Ice/Air   21%        6-21      19%         5
 Brom's Barrelling Bould  Conj/Erth      22%        2d4       34%         4
 Flame Wave               Conj/Fire      22%        2d8       34%         4
 Iskenderun's Mystic Bla  Conj/Tloc      22%        2d6       34%         4
 Anguish                  Hex/Necr       10%        N/A       41%         4
 Cause Fear               Hex            10%        N/A       41%         4
 Dimensional Bullseye     Hex/Tloc       10%        N/A       41%         4
 Ignite Poison            Fire/Alch      20%        N/A       41%         4
 Sticky Flame             Fire/Alch      20%        2d6       41%         4
 Starburst                Conj/Fire      11%        6d5       99%         6
 Enfeeble                 Hex            10%        N/A       100%        7


Dungeon Overview and Level Annotations

Branches:
Dungeon (11/15)            Temple (1/1) D:5            Lair (0/5) D:11
    Orc (2/2) D:9           Sewer (visited)
    Elf: Orc:2

Altars:
Ashenzari
Cheibriados
Dithmenos
Elyvilon
Fedhas
Gozag
Hepliaklqana
Kikubaaqudgha
Makhleb
Nemelex Xobeh
Okawaru
Qazlal
Ru
Sif Muna
Trog
Uskayaw
Vehumet
Wu Jian
Xom
Yredelemnul
Zin
The Shining One

Shops:
D:1 ?   D:6 ?   D:7 [   D:9 *(   D:10 *

Annotations:
D:11 Harold
Orc:2 Azrael


Message History

The meliai calls down the wrath of its god upon you.
Something smites you!
A meliai comes into view. It is wielding a +0 war axe.
Casting: Airstrike (safe; 1% risk of failure)
Confirm with . or Enter, or press ? or * to list all spells.
Aiming: Airstrike (safe; 1% risk of failure)
Press: ? - help, Dir - move target, f/p - two-headed ogre
Aim: a two-headed ogre, wielding a +0 giant spiked club and a +0 giant club (almost dead, empty space bonus: 8/8)
The air twists around and strikes the two-headed ogre!!
You kill the two-headed ogre!
Sif Muna accepts your kill.
Your Dodging skill increases to level 9!
Your Spellcasting skill increases to level 16!
Casting: Airstrike (safe; 1% risk of failure)
Confirm with . or Enter, or press ? or * to list all spells.
Aiming: Airstrike (safe; 1% risk of failure)
Press: ? - help, Dir - move target, f - meliai
Aim: a meliai, wielding a +0 war axe and wearing a +0 robe (empty space bonus: 8/8)
The air twists around and strikes the meliai!!
The meliai is severely wounded.
The meliai mumbles some strange prayers to its god against you.
Something smites you!
Casting: Airstrike (safe; 1% risk of failure)
Confirm with . or Enter, or press ? or * to list all spells.
The komodo dragon is struck by an arc of lightning.
The komodo dragon is lightly wounded.
You are struck by an arc of lightning.
The lightning grounds out.
The meliai is struck by an arc of lightning.
The meliai is almost dead.
The komodo dragon is struck by an arc of lightning.
The komodo dragon is lightly wounded.
You are struck by an arc of lightning.
The meliai is struck by an arc of lightning!
You kill the meliai!
Sif Muna accepts your kill.
The lightning grounds out.
The komodo dragon barely misses you.
As you read the scroll of teleportation, it crumbles to dust.
You feel strangely unstable. The meliai hits you with a +0 hand axe.
The meliai stings you. The komodo dragon bites you!
You die...

.....................##
......................##
.......................#
........................
........................
........................
........................
........................
................@.......
...............lyy....(.
................)!......
........................
.....................
(................
................
...............


You could see a komodo dragon and 2 meliai.

Vanquished Creatures
  A centaur warrior (D:11)
  A two-headed ogre (D:13)
  Pikel (D:6)
  Maurice (D:8)
  An ugly thing (D:11)
  A meliai (D:13)
  2 gargoyles
  A rime drake (D:11)
  Maggie (D:6)
  A komodo dragon (D:10)
  2 polar bears
  Prince Ribbit (D:8)
  Sigmund (D:2)
  A vampire (D:10)
  8 yaks
  A wraith (D:11)
  2 unseen horror simulacra (D:8)
  A steam dragon (D:9)
  3 vampire mosquitoes (D:9)
  Menkaure (D:4)
  Edmund (D:4)
  3 water moccasins
  9 orc warriors
  A sky beast (D:6)
  6 ice beasts
  4 black bears
  6 ogres
  2 centaurs
  5 kobold brigands
  A gnoll sergeant (D:9)
  4 bullfrogs
  5 scorpions
  8 wights (D:9)
  8 killer bees
  2 electric eels (D:10)
  4 bombardier beetles
  5 howler monkeys
  4 hounds
  Crazy Yiuf (D:5)
  7 orc priests
  2 sleepcaps (D:6)
  2 iguanas (D:6)
  12 orc wizards
  Robin (D:4)
  12 adders
  2 shadow imps
  5 white imps (D:8)
  A howler monkey simulacrum (D:8)
  7 dart slugs
  A ribbon worm (D:2)
  56 orcs
  8 bats
  17 endoplasms
  16 giant cockroaches
  29 goblins
  10 hobgoblins
  9 jackals
  6 quokkas
  10 ball pythons
  8 frilled lizards
  29 kobolds
  9 rats
370 creatures vanquished.

Vanquished Creatures (others)
  An orc warrior (D:9)
  A centaur (D:9)
  A bullfrog (D:9)
  A howler monkey (D:9)
  A gnoll bouda (D:9)
  2 orc wizards (D:9)
7 creatures vanquished.

Grand Total: 377 creatures vanquished

Notes
Turn   | Place    | Note
-------+----------+-------------------------------------------
     0 | D:1      | Arcadio the Deep Elf Air Elementalist began the quest for
                  | the Orb.
     0 | D:1      | Reached XP level 1. HP: 10/10 MP: 6/6
   125 | D:1      | Reached XP level 2. HP: 15/15 MP: 4/8
   564 | D:1      | Found a faded altar of an unknown god.
   654 | D:1      | Reached skill level 4 in Spellcasting
  1067 | D:1      | Reached XP level 3. HP: 19/19 MP: 4/10
  1249 | D:1      | Learned a level 2 spell: Static Discharge
  1253 | D:1      | Learned a level 3 spell: Swiftness
  1366 | D:1      | Found Nouno's Magic Scroll Emporium.
  1369 | D:1      | Bought a scroll of identify for 22 gold pieces
  1859 | D:2      | Reached XP level 4. HP: 24/24 MP: 7/12
  2128 | D:2      | Noticed Sigmund
  2232 | D:2      | Killed Sigmund
  2233 | D:2      | Reached skill level 6 in Spellcasting
  2233 | D:2      | Reached skill level 5 in Air Magic
  2233 | D:2      | Reached XP level 5. HP: 8/28 MP: 5/15
  2934 | D:2      | Learned a level 4 spell: Airstrike
  3161 | D:3      | Reached XP level 6. HP: 32/32 MP: 15/17
  4142 | D:4      | Noticed Robin
  4150 | D:4      | Killed Robin
  4290 | D:4      | Reached skill level 7 in Spellcasting
  4290 | D:4      | Noticed Menkaure
  4292 | D:4      | Killed Menkaure
  4293 | D:4      | Reached XP level 7. HP: 31/36 MP: 7/20
  4454 | D:4      | Noticed Edmund
  4495 | D:4      | Killed Edmund
  4643 | D:4      | Found an iron altar of Okawaru.
  4643 | D:4      | Found a bloodstained altar of Trog.
  4643 | D:4      | Found a sacrificial altar of Ru.
  4645 | D:4      | Found a snail-covered altar of Cheibriados.
  4651 | D:4      | Reached skill level 8 in Spellcasting
  5350 | D:5      | Entered Level 5 of the Dungeon
  5352 | D:5      | Reached skill level 9 in Spellcasting
  5385 | D:5      | Reached XP level 8. HP: 41/41 MP: 15/23
  5842 | D:5      | Reached skill level 10 in Spellcasting
  6013 | D:5      | Found a runed translucent door.
  6014 | D:5      | Noticed Crazy Yiuf
  6152 | D:5      | Found a staircase to the Ecumenical Temple.
  6162 | Temple   | Entered the Ecumenical Temple
  6242 | D:5      | Killed Crazy Yiuf
  6319 | D:6      | Noticed Pikel
  6320 | D:6      | Noticed Maggie
  6338 | D:6      | Found a glowing drain.
  6360 | Sewer    | Entered a sewer
  6874 | Sewer    | Reached skill level 11 in Spellcasting
  7032 | D:6      | Reached XP level 9. HP: 45/45 MP: 4/26
  7126 | D:6      | Killed Pikel
  7257 | D:6      | Found Xemem's Magic Scroll Shop.
  7277 | D:6      | Bought a scroll of blinking for 112 gold pieces
  7277 | D:6      | Bought a scroll of identify for 30 gold pieces
  7277 | D:6      | Bought a scroll of teleportation for 45 gold pieces
  7277 | D:6      | Bought a scroll of identify for 30 gold pieces
  7277 | D:6      | Bought a scroll of identify for 30 gold pieces
  7321 | D:6      | Reached skill level 12 in Spellcasting
  7689 | D:6      | Killed Maggie
  7690 | D:6      | Reached skill level 10 in Air Magic
  8103 | D:6      | Learned a level 6 spell: Plasma Beam
  8276 | D:7      | Reached skill level 13 in Spellcasting
  8903 | D:7      | Found Jotuoste's Antique Armour Emporium.
  8911 | D:7      | Bought a dyed leather armour for 125 gold pieces
  9310 | D:7      | Reached XP level 10. HP: 50/50 MP: 16/29
  9515 | D:8      | Noticed Maurice
 10040 | D:8      | Maurice stole a +5 flail of protection
 10042 | D:8      | Killed Maurice
 10549 | D:8      | Found a stormy altar of Qazlal.
 10785 | D:8      | Noticed Prince Ribbit
 10789 | D:8      | Killed Prince Ribbit
 10946 | D:8      | Reached skill level 14 in Spellcasting
 11108 | D:8      | HP: 1/50 [unseen horror simulacrum (3)]
 11111 | D:8      | Reached skill level 5 in Dodging
 12160 | D:9      | Found Noaja's Weapon Shop.
 12162 | D:9      | Found Geixoaru's General Store.
 12751 | D:9      | Found a shimmering altar of Xom.
 13468 | D:9      | Found a hide-covered altar of Uskayaw.
 13470 | D:9      | Found a shimmering blue altar of Sif Muna.
 13474 | D:9      | Became a worshipper of Sif Muna the Loreminder
 13690 | D:9      | Found a staircase to the Orcish Mines.
 13960 | Orc:1    | Entered Level 1 of the Orcish Mines
 14234 | Orc:1    | Noticed a moth of wrath
 14234 | Orc:1    | Noticed a stone giant
 14236 | Orc:1    | Noticed a moth of wrath
 14283 | Orc:1    | Noticed a kraken
 14473 | Orc:2    | Entered Level 2 of the Orcish Mines
 14727 | Orc:2    | Noticed Azrael
 15012 | Orc:1    | Learned a level 3 spell: Passwall
 15063 | Orc:1    | Noticed a deep troll
 15169 | D:10     | Entered Level 10 of the Dungeon
 15211 | D:10     | Reached XP level 11. HP: 54/54 MP: 18/31
 15219 | D:10     | Reached * piety under Sif Muna
 15435 | D:9      | Reached skill level 15 in Spellcasting
 16408 | D:10     | Identified the +5 flail "Ysywigoas" {heavy, rPois rF++}
 16428 | D:10     | Found Mooxtaow's General Store.
 16578 | D:10     | Reached ** piety under Sif Muna
 17644 | D:11     | Noticed a red ugly thing
 17648 | D:11     | Killed a red ugly thing
 17836 | D:11     | Noticed a centaur warrior
 17842 | D:11     | Killed a centaur warrior
 18177 | D:11     | Found a staircase to the Lair.
 18214 | D:11     | Noticed Harold
 18218 | D:11     | You fall into a shaft and drop 2 floors!
 18349 | D:13     | Noticed a two-headed ogre
 18354 | D:13     | Killed a two-headed ogre
 18355 | D:13     | Reached skill level 16 in Spellcasting
 18357 | D:13     | Slain by a komodo dragon

Illustrated notes

Levels and vault maps discovered:
D:1:      dpeg_arrival_houses_and_road, layout_loops_corners,
          hellmonk_ecumenical_altar_dog_temple, serial_forest,
          infiniplex_forest_clump_long, infiniplex_forest_lined_3,
          infiniplex_forest_end_1, infiniplex_forest_end_2,
          infiniplex_forest_end_2, infiniplex_forest_corner_2,
          infiniplex_forest_lined_2, serial_shops, nicolae_shop_rolled_up
D:2:      minmay_door_path, layout_basic, uniq_sigmund
D:3:      layout_basic
D:4:      layout_loops_ring, chequers_temple_overflow_statue_of_worship,
          minmay_quadrilaterals, uniq_edmund, uniq_menkaure, uniq_robin
D:5:      layout_cave_pools, minmay_temple_entry_fiery, item_on_display_a,
          uniq_crazy_yiuf_cottage
D:6:      layout_loops_ring, portal_sewer_entry_f, serial_shops, shop,
          hex_large, minmay_ogre_servants, uniq_maggie, uniq_pikel
D:7:      layout_cave_pools, serial_shops, nicolae_shop_rolling_square,
          amcnicky_mini_pool_small
D:8:      layout_loops_ring, amcnicky_altar_gilded, serial_ice, serial_ice_g,
          serial_ice_h, serial_ice_n, serial_ice_m, uniq_prince_ribbit1,
          uniq_maurice
D:9:      layout_loops_corners, xom_confusion_cloud, minitemple, orc_0_dummy,
          nrook_mini_backslash, minmay_misc_feat_five, nicolae_wooded_promenade
D:10:     layout_loops_ring, special_room [special_room_orc], enter_bailey_2,
          serial_shops, shop, serial_bayou_lake_a
D:11:     layout_grid_maze, hellmonk_lair_entry_icy, uniq_harold, uniq_erolcha
D:13:     layout_big_octagon, hangedman_vaults_entry_quadrant_bands,
          hangedman_decor_clover_reticule
Temple:   nicolae_temple_bog_church
Orc:1:    emtedronai_trogs_sanctum, layout_caves, serial_shops, shop,
          library_closet, abandoned_shop,
          mainiacjoe_minedec_watcher_in_the_water, nicolae_orc_crystal_geode
Orc:2:    pubby_orc_utopia, uniq_azrael, uniq_josephine, uniq_saint_roka,
          uniq_rupert

Skill      XL: |  1  2  3  4  5  6  7  8  9 10 11 |
---------------+----------------------------------+-----
Spellcasting   | 4 6 7 9 11 13 14 16 | 16.1
Air Magic      | 4 5 6 7 8 10 11 12 | 12.8
Dodging        | 6 9 |  9.2
Stealth        | |  2.4
Conjurations   | |  1.1

Action                     |  1- 3 |  4- 6 |  7- 9 | 10-12 || total
---------------------------+-------+-------+-------+-------++-------
  Melee: Short sword       |     1 |    18 |    51 |    24 ||    94
         Punch             |       |     1 |     1 |       ||     2
   Cast: Shock             |    79 |    81 |   170 |    76 ||   406
         Static Discharge  |     1 |    10 |    31 |    47 ||    89
         Airstrike         |       |     1 |    65 |   180 ||   246
         Swiftness         |       |       |       |     4 ||     4
         Passwall          |       |       |       |     2 ||     2
    Use: Scroll            |     2 |     1 |     6 |     5 ||    14
         Potion            |       |       |       |     1 ||     1
   Stab: Sleeping          |       |       |     3 |     1 ||     4
 Armour: Robe              |     5 |    29 |    74 |       ||   108
         Leather armour    |       |       |     2 |   197 ||   199
  Dodge: Dodged            |    10 |    13 |    44 |   169 ||   236
